[Event "EYCC Girls-U14 2019"]
[Site "Bratislava"]
[Date "2019.08.06"]
[Round "5.24"]
[White "Rubinshtein, Kamilla"]
[Black "Zvereva, Margarita"]
[Result "1/2-1/2"]
[ECO "B22"]
[WhiteElo "1799"]
[BlackElo "1693"]
[Annotator "NA"]
[PlyCount "78"]
[EventDate "2019.08.02"]
[EventType "swiss"]
[EventCountry "SVK"]
[SourceTitle "playchess.com"]
[Source "ChessBase"]
[SourceQuality "1"]
[TimeControl "40/5400+30:1800+30"]

1. e4 c5 2. c3 d5 3. exd5 Qxd5 4. d4 e6 5. Nf3 Nf6 6. Be2 Nc6 7. O-O Be7 8. Be3 cxd4 9. cxd4 O-O 10. Nc3 Qd8 11. Qd2 Nb4 12. Ne5 Nbd5 13. Rac1 Bd7 14. Bd3 Bb4 15. Qe2 Bc6 16. Nxc6 bxc6 17. Ne4 Nxe4 18. Bxe4 Rc8 19. Rc4 Be7 20. Rfc1 f5 21. Bxd5 Qxd5 22. Bf4 Bf6 23. Be5 Bxe5 24. Qxe5 Rfd8 25. Qxd5 Rxd5 26. Kf1 Rd6 27. Ke2 Rb8 28. b3 Rb6 29. Ke3 Kf7 30. f4 Ke7 31. Ra4 Rd7 32. Rac4 Kd6 33. Rc5 Ra6 34. R1c2 Rb7 35. Kd3 Rb5 36. R5c4 Rb7 37. Rc5 Rb5 38. R5c4 Rb7 39. Rc5 Rb5 {[%emt 0:00:24] Ke4 Ke5+} 1/2-1/2

[Event "EYCC Girls-U14 2019"]
[Site "Bratislava"]
[Date "2019.08.07"]
[Round "6.1"]
[White "Yakimova, Mariya"]
[Black "Allahverdiyeva, Ayan"]
[Result "0-1"]
[ECO "D34"]
[WhiteElo "2250"]
[BlackElo "2114"]
[Annotator "NA"]
[PlyCount "52"]
[EventDate "2019.08.02"]
[EventType "swiss"]
[EventCountry "SVK"]
[SourceTitle "playchess.com"]
[Source "ChessBase"]
[SourceQuality "1"]
[TimeControl "40/5400+30:1800+30"]

1. d4 d5 2. Nf3 e6 3. c4 c5 4. cxd5 exd5 5. g3 Nf6 6. Bg2 Be7 7. O-O O-O 8. Nc3 Nc6 9. Bf4 Re8 10. Re1 Bg4 11. Be3 c4 12. Ne5 Be6 13. f4 Bb4 14. Rf1 Qa5 15. Qc2 Ng4 16. Nxg4 Bxg4 17. Nxd5 Rad8 18. Nxb4 Qxb4 19. Bxc6 bxc6 20. Bd2 Qb6 21. e3 c5 22. dxc5 Qxc5 23. Rae1 Rd3 24. Bc3 Bh3 25. Qa4 Rdxe3 26. Qa5 Rxg3+ 0-1

[Event "EYCC Girls-U14 2019"]
[Site "Bratislava"]
[Date "2019.08.07"]
[Round "6.2"]
[White "Nur-Mukhametova, Alisa"]
[Black "Bondareva, Daria"]
[Result "1-0"]
[ECO "C41"]
[WhiteElo "2126"]
[BlackElo "1998"]
[Annotator "ChessBase"]
[PlyCount "202"]
[EventDate "2019.08.02"]
[EventType "swiss"]
[EventCountry "SVK"]
[SourceTitle "playchess.com"]
[Source "ChessBase"]
[SourceQuality "1"]
[TimeControl "40/5400+30:1800+30"]

1. e4 e5 2. Nf3 d6 3. Bc4 Be6 4. Bb3 Nc6 5. d4 exd4 6. Nxd4 Nxd4 7. Qxd4 Qf6 8. Qd3 O-O-O 9. Nc3 Ne7 10. O-O a6 11. Be3 Qg6 12. Bxe6+ fxe6 13. f4 Nc6 14. a3 d5 15. f5 Qe8 16. Bg5 Be7 17. Bxe7 Qxe7 18. fxe6 d4 19. Nd5 Qxe6 20. Rae1 Kb8 21. b4 Qd6 22. h3 Ne5 23. Qb3 Rhe8 24. a4 c6 25. Nf4 d3 26. Nxd3 Nxd3 27. cxd3 Qxd3 28. Qxd3 Rxd3 29. Rf7 Kc8 30. Rxg7 Rd7 31. Rxd7 Kxd7 32. Kf2 Ke6 33. Ke3 Rg8 34. g4 h5 35. Rg1 hxg4 36. hxg4 Ke5 37. g5 b6 38. g6 Rg7 39. Rg5+ Kf6 40. Kf4 Ke6 41. a5 bxa5 42. bxa5 Rg8 43. g7 Kf7 44. Ke5 Re8+ 45. Kd6 Kg8 46. e5 c5 47. Kxc5 Rb8 48. Kd6 Rb5 49. Ke7 Rxa5 50. Kf6 Ra1 51. e6 Rb1 52. e7 Rb6+ 53. Ke5 Rb5+ 54. Ke6 Rxg5 55. e8=Q+ Kxg7 56. Qf7+ Kh6 57. Kf6 Rg3 58. Qd5 Rg6+ 59. Kf7 Rg7+ 60. Kf8 Rg4 61. Qf5 Rg5 62. Qf6+ Kh5 63. Qh8+ Kg4 64. Qd4+ Kh5 65. Kf7 a5 66. Qe4 Rg4 67. Qf3 Kh4 68. Kf6 Rg3 69. Qf2 Kg4 70. Qf5+ Kh4 71. Qh7+ Kg4 72. Qe4+ Kh3 73. Kf5 Rg1 74. Qe2 Rg2 75. Qf3+ Kh2 76. Kf4 Kg1 77. Ke3 Kh2 78. Qf4+ Kg1 79. Qh4 Ra2 80. Qg3+ Kf1 81. Qf3+ Kg1 82. Qd1+ Kh2 83. Qd6+ Kg1 84. Qg6+ Rg2 85. Qb1+ Kh2 86. Qe1 a4 87. Kf3 a3 88. Qh4+ Kg1 89. Qd4+ Kh1 90. Qd1+ Kh2 91. Qd6+ Kg1 92. Qxa3 Rf2+ 93. Ke3 Rg2 94. Qc1+ Kh2 95. Qc7+ Kg1 96. Kf3 Rf2+ 97. Kg3 Rg2+ 98. Kh3 Re2 99. Qf4 Ra2 100. Qc1+ Kf2 101. Qc5+ Ke1 1-0

[Event "EYCC Girls-U14 2019"]
[Site "Bratislava"]
[Date "2019.08.07"]
[Round "6.3"]
[White "Lhotska, Anna"]
[Black "Zeliantsova, Kseniya"]
[Result "0-1"]
[ECO "A48"]
[WhiteElo "1922"]
[BlackElo "1907"]
[Annotator "NA"]
[PlyCount "138"]
[EventDate "2019.08.02"]
[EventType "swiss"]
[EventCountry "SVK"]
[SourceTitle "playchess.com"]
[Source "ChessBase"]
[SourceQuality "1"]
[TimeControl "40/5400+30:1800+30"]

1. Nf3 Nf6 2. d4 g6 3. Bg5 Bg7 4. Nbd2 d6 5. c3 Nbd7 6. e4 e5 7. dxe5 dxe5 8. Be2 O-O 9. O-O Qe7 10. Qc2 b6 11. Rfe1 Bb7 12. Bf1 Rad8 13. a4 h6 14. Bh4 a6 15. b4 g5 16. Bg3 Nh7 17. Reb1 Bf6 18. h3 h5 19. Nh2 h4 20. Ng4 hxg3 21. Nh6+ Kh8 22. fxg3 c5 23. Bc4 Bg7 24. Nf5 Qf6 25. Rf1 cxb4 26. cxb4 b5 27. axb5 axb5 28. Bb3 Qb6+ 29. Kh2 Nhf6 30. Qd1 Nb8 31. Qe2 Nc6 32. Nf3 g4 33. N3h4 Nd4 34. Qe3 Nxe4 35. Bc2 Qc6 36. Nxg7 Kxg7 37. Bxe4 Qxe4 38. Qg5+ Kh7 39. Rf6 Rd6 40. Rxd6 Qxg2+ 41. Nxg2 Nf3+ 42. Kh1 Nxg5 43. hxg4 Kg7 44. Rb6 Be4 45. Kg1 Rd8 46. Nh4 Rd2 47. Kf1 Rb2 48. Nf5+ Bxf5 49. gxf5 Rxb4 50. Re1 Nf3 51. Re3 Nd2+ 52. Ke2 Nc4 53. Rb7 Nxe3 54. Kxe3 Kf6 55. Kf3 Rc4 56. Rxb5 Kxf5 57. Rb6 Rc3+ 58. Kf2 Rc2+ 59. Kf3 e4+ 60. Ke3 Rc3+ 61. Kf2 Rf3+ 62. Kg2 Kg4 63. Rb7 Rxg3+ 64. Kf2 Rf3+ 65. Ke2 f5 66. Rc7 Ra3 67. Rc2 f4 68. Rc8 Ra2+ 69. Ke1 Kf3 0-1

[Event "EYCC Girls-U14 2019"]
[Site "Bratislava"]
[Date "2019.08.07"]
[Round "6.4"]
[White "Wikar, Martyna"]
[Black "Anacoglu, Cisel"]
[Result "1/2-1/2"]
[ECO "C55"]
[WhiteElo "2020"]
[BlackElo "1869"]
[Annotator "NA"]
[PlyCount "114"]
[EventDate "2019.08.02"]
[EventType "swiss"]
[EventCountry "SVK"]
[SourceTitle "playchess.com"]
[Source "ChessBase"]
[SourceQuality "1"]
[TimeControl "40/5400+30:1800+30"]

1. e4 e5 2. Nf3 Nc6 3. Bc4 Nf6 4. d3 Be7 5. Bb3 d6 6. c3 O-O 7. O-O Na5 8. Bc2 c5 9. Nbd2 Nc6 10. Nc4 Re8 11. Re1 h6 12. h3 Bf8 13. Ne3 g6 14. Qe2 Be6 15. Nh2 Nh5 16. Nd5 Bxd5 17. exd5 Ne7 18. Ba4 Nxd5 19. Bxe8 Qxe8 20. Qf3 Qc6 21. Ng4 Ndf4 22. Qxc6 bxc6 23. Bxf4 Nxf4 24. Rad1 Bg7 25. f3 Rb8 26. Rd2 h5 27. Ne3 Bh6 28. Nf1 f5 29. Kh2 h4 30. b3 Kf7 31. Red1 d5 32. Rc2 Bg7 33. b4 cxb4 34. cxb4 Rxb4 35. Rxc6 Rb2 36. Rc7+ Kg8 37. Rd2 Rxd2 38. Nxd2 Nxd3 39. Rd7 Nf4 40. g3 hxg3+ 41. Kxg3 Bh6 42. Nb3 d4 43. a4 d3 44. a5 e4 45. fxe4 fxe4 46. Nc5 Ne2+ 47. Kg2 Nc3 48. Nxd3 exd3 49. Rxd3 Nb5 50. a6 Bf8 51. Rd5 Nc7 52. Rd7 Nxa6 53. Rxa7 Nb4 54. Kg3 Nc6 55. Ra6 Ne7 56. Kg4 Kf7 57. h4 Bg7 1/2-1/2

[Event "EYCC Girls-U14 2019"]
[Site "Bratislava"]
[Date "2019.08.07"]
[Round "6.5"]
[White "Tarasenka, Aliaksandra"]
[Black "Hakobyan, Astghik"]
[Result "1/2-1/2"]
[ECO "E25"]
[WhiteElo "2231"]
[BlackElo "1863"]
[Annotator "NA"]
[PlyCount "79"]
[EventDate "2019.08.02"]
[EventType "swiss"]
[EventCountry "SVK"]
[SourceTitle "playchess.com"]
[Source "ChessBase"]
[SourceQuality "1"]
[TimeControl "40/5400+30:1800+30"]

1. d4 Nf6 2. c4 e6 3. Nc3 Bb4 4. f3 d5 5. a3 Bxc3+ 6. bxc3 c5 7. cxd5 Nxd5 8. Qd3 Nc6 9. e4 Nde7 10. Be3 Qa5 11. Kf2 O-O 12. Nh3 Rd8 13. Be2 cxd4 14. cxd4 Nxd4 15. Bxd4 Qa4 16. Qd1 Qxd4+ 17. Qxd4 Rxd4 18. Rhd1 e5 19. Nf4 Be6 20. Nxe6 fxe6 21. Rdc1 Nc6 22. Rab1 Rd7 23. Ba6 Nd8 24. Bb5 Rd2+ 25. Kg3 a6 26. Bf1 Kf7 27. Rc7+ Kf6 28. a4 Ra2 29. Rd1 Rxa4 30. Rdd7 Ra1 31. Kf2 Ra2+ 32. Kg3 b5 33. Rxg7 Rc2 34. Rcd7 Rd2 35. Rc7 Rc8 36. Ra7 Ra8 37. Rac7 Rc8 38. Ra7 Ra8 39. Rac7 Rc8 40. Ra7 1/2-1/2

[Event "EYCC Girls-U14 2019"]
[Site "Bratislava"]
[Date "2019.08.07"]
[Round "6.6"]
[White "Hrebenshchykova, Yelyzaveta"]
[Black "Toncheva, Nadya"]
[Result "1-0"]
[ECO "D25"]
[WhiteElo "1955"]
[BlackElo "2087"]
[Annotator "NA"]
[PlyCount "84"]
[EventDate "2019.08.02"]
[EventType "swiss"]
[EventCountry "SVK"]
[SourceTitle "playchess.com"]
[Source "ChessBase"]
[SourceQuality "1"]
[TimeControl "40/5400+30:1800+30"]

1. d4 d5 2. c4 dxc4 3. Nf3 Nf6 4. e3 Bg4 5. Bxc4 e6 6. h3 Bh5 7. g4 Bg6 8. Ne5 Nbd7 9. Nxg6 hxg6 10. Bf1 c5 11. Bg2 cxd4 12. Qxd4 Qc7 13. Nc3 Rd8 14. O-O a6 15. Qa4 Bc5 16. Rd1 g5 17. Ne4 Nxe4 18. Qxe4 Nf6 19. Rxd8+ Qxd8 20. Qxb7 Qd1+ 21. Bf1 O-O 22. Qxa6 Rd8 23. Qe2 Qa4 24. b3 Qa5 25. Qc4 Nd5 26. Bb2 Nxe3 27. Qc3 Qxc3 28. Bxc3 Nxf1 29. Rxf1 Rd3 30. Rc1 Rxh3 31. b4 Ba7 32. Kg2 Rd3 33. a4 Rd5 34. b5 f5 35. gxf5 exf5 36. Rb1 Rd3 37. Be1 Kf7 38. b6 Bb8 39. a5 Ke6 40. Bb4 Be5 41. a6 Rd8 42. Re1 Kd5 1-0

[Event "EYCC Girls-U14 2019"]
[Site "Bratislava"]
[Date "2019.08.07"]
[Round "6.7"]
[White "Roebers, Eline"]
[Black "Kasaeva, Sofiia"]
[Result "1-0"]
[ECO "C55"]
[WhiteElo "2069"]
[BlackElo "1897"]
[Annotator "NA"]
[PlyCount "145"]
[EventDate "2019.08.02"]
[EventType "swiss"]
[EventCountry "SVK"]
[SourceTitle "playchess.com"]
[Source "ChessBase"]
[SourceQuality "1"]
[TimeControl "40/5400+30:1800+30"]

1. e4 e5 2. Nf3 Nc6 3. Bc4 Nf6 4. d3 Be7 5. c3 O-O 6. O-O d6 7. Bb3 Na5 8. Bc2 c5 9. Nbd2 Nc6 10. Re1 Re8 11. Nf1 Bf8 12. Ng3 b5 13. h3 h6 14. Be3 a5 15. d4 Qc7 16. dxc5 dxc5 17. Nh4 Kh7 18. Qf3 Ng8 19. Qe2 Qd8 20. Nf3 Ba6 21. Rad1 Qc7 22. Rd2 Red8 23. Red1 b4 24. Bd3 Bxd3 25. Rxd3 Nf6 26. Rxd8 Rxd8 27. Rxd8 Nxd8 28. Nd2 Ne6 29. Nc4 a4 30. Qc2 a3 31. bxa3 bxc3 32. Qxc3 Nd4 33. Kh2 Ne8 34. a4 Kg8 35. a5 Nd6 36. Nxd6 Bxd6 37. Nf5 Nxf5 38. exf5 Qa7 39. Kg1 e4 40. Qa3 Qb8 41. Qb3 Qd8 42. Qc3 Bc7 43. Bd2 Qd3 44. Qxd3 exd3 45. a6 Bb6 46. Kf1 Kf8 47. Ke1 Ke7 48. Bc3 g6 49. fxg6 fxg6 50. Bd2 Kd6 51. Bf4+ Kc6 52. Bxh6 Kb5 53. Kd2 c4 54. f3 Kxa6 55. Bg7 Kb5 56. g4 Kc5 57. h4 Kd5 58. h5 gxh5 59. gxh5 Ke6 60. h6 Kf7 61. f4 Bf2 62. a4 Bg3 63. f5 Bf4+ 64. Kd1 c3 65. Bxc3 Bxh6 66. Bd4 Bf4 67. a5 Bb8 68. a6 Ke7 69. Kd2 Kd6 70. Kxd3 Kd5 71. Ke3 Kd6 72. Ke4 Kc6 73. a7 {[%emt 0:00:07] Kd5+} 1-0

[Event "EYCC Girls-U14 2019"]
[Site "Bratislava"]
[Date "2019.08.07"]
[Round "6.8"]
[White "Mironenko, Galina"]
[Black "Nadzamova, Viktoria"]
[Result "1-0"]
[ECO "E16"]
[WhiteElo "1995"]
[BlackElo "1854"]
[Annotator "NA"]
[PlyCount "81"]
[EventDate "2019.08.02"]
[EventType "swiss"]
[EventCountry "SVK"]
[SourceTitle "playchess.com"]
[Source "ChessBase"]
[SourceQuality "1"]
[TimeControl "40/5400+30:1800+30"]

1. d4 Nf6 2. c4 e6 3. Nf3 b6 4. g3 Bb4+ 5. Bd2 Be7 6. Bg2 Bb7 7. O-O O-O 8. Qc2 c5 9. Rd1 d5 10. cxd5 exd5 11. Bf4 Nc6 12. Nc3 Nb4 13. Qb1 c4 14. Ne5 Nh5 15. Be3 Rb8 16. a3 Na6 17. Bf3 Nf6 18. Nb5 Qe8 19. a4 Ra8 20. Nxc4 Bc6 21. Nca3 Bxa3 22. bxa3 Qd7 23. Bg5 Rfc8 24. Bxf6 gxf6 25. Qd3 Nc7 26. Rab1 Ne8 27. Nc3 f5 28. Qe3 Ng7 29. Qg5 Re8 30. h4 Re6 31. h5 h6 32. Qf4 Rd8 33. Rdc1 Rd6 34. Nb5 Rf6 35. Qh4 Ne8 36. g4 a6 37. Nc3 Bb7 38. g5 hxg5 39. Qxg5+ Kh7 40. Kh1 Qe7 41. Rxb6 1-0

[Event "EYCC Girls-U14 2019"]
[Site "Bratislava"]
[Date "2019.08.07"]
[Round "6.9"]
[White "Tsotsonava, Elene"]
[Black "Bashylina, Luisa"]
[Result "1/2-1/2"]
[ECO "C06"]
[WhiteElo "1878"]
[BlackElo "1989"]
[Annotator "NA"]
[PlyCount "71"]
[EventDate "2019.08.02"]
[EventType "swiss"]
[EventCountry "SVK"]
[SourceTitle "playchess.com"]
[Source "ChessBase"]
[SourceQuality "1"]
[TimeControl "40/5400+30:1800+30"]

1. e4 e6 2. d4 d5 3. Nd2 Nf6 4. e5 Nfd7 5. Bd3 c5 6. c3 Nc6 7. Ne2 cxd4 8. cxd4 f6 9. exf6 Nxf6 10. Nf3 Bd6 11. O-O Qc7 12. h3 O-O 13. Be3 Bd7 14. Rc1 Rae8 15. Nc3 a6 16. a3 Qb8 17. Re1 Kh8 18. Bf1 Ne7 19. Ne5 Bxe5 20. dxe5 Qxe5 21. Bd4 Qg5 22. Bd3 Nc6 23. Be3 Qh5 24. Be2 Qf7 25. Bc5 Rg8 26. b4 e5 27. b5 axb5 28. Nxb5 Ne4 29. Bh5 g6 30. Bf3 Nxc5 31. Rxc5 Ref8 32. Qxd5 Be6 33. Qe4 Bxh3 34. Nd6 Qf6 35. Nxb7 Nd4 36. Qxe5 1/2-1/2

[Event "EYCC Girls-U14 2019"]
[Site "Bratislava"]
[Date "2019.08.07"]
[Round "6.10"]
[White "Kozachenko, Maria"]
[Black "Toth, Nikoletta"]
[Result "1/2-1/2"]
[ECO "B31"]
[WhiteElo "1865"]
[BlackElo "2023"]
[Annotator "NA"]
[PlyCount "120"]
[EventDate "2019.08.02"]
[EventType "swiss"]
[EventCountry "SVK"]
[SourceTitle "playchess.com"]
[Source "ChessBase"]
[SourceQuality "1"]
[TimeControl "40/5400+30:1800+30"]

1. e4 c5 2. Nf3 Nc6 3. Bb5 g6 4. Bxc6 dxc6 5. d3 Bg7 6. O-O Qc7 7. c3 e5 8. Be3 b6 9. d4 Ba6 10. Re1 Rd8 11. d5 Qb7 12. dxc6 Qxc6 13. Qb3 Ne7 14. Nbd2 O-O 15. Bg5 Rd7 16. Nc4 Bxc4 17. Qxc4 b5 18. Qb3 c4 19. Qb4 f6 20. Be3 Rfd8 21. Bc5 a5 22. Qa3 Nc8 23. b4 a4 24. Qb2 Bf8 25. Bxf8 Kxf8 26. Qc2 Rd3 27. Re2 Qd7 28. Kf1 Kf7 29. Ne1 Rd6 30. Qc1 Rd2 31. a3 Ne7 32. Rb1 Nc6 33. Rb2 Rxb2 34. Rxb2 Kg7 35. Qe3 Ne7 36. Qc5 Rc8 37. Qe3 Rc6 38. Rd2 Rd6 39. Ke2 Rxd2+ 40. Qxd2 Qxd2+ 41. Kxd2 f5 42. Ke3 Kf6 43. Nf3 h6 44. Nd2 Ke6 45. f3 Nc8 46. Nf1 Nd6 47. Nd2 Ne8 48. Kf2 Nf6 49. Ke2 Nh5 50. g3 Nf6 51. h3 Nh7 52. Kf2 Ng5 53. h4 Nh7 54. Ke3 Nf6 55. Ke2 g5 56. hxg5 hxg5 57. Kf2 g4 58. Kg2 fxe4 59. fxe4 Nh7 60. Kf2 Nf6 1/2-1/2

[Event "EYCC Girls-U14 2019"]
[Site "Bratislava"]
[Date "2019.08.07"]
[Round "6.11"]
[White "Pipiras, Filipa Fortuna"]
[Black "Obrochta, Lena"]
[Result "1-0"]
[ECO "D31"]
[WhiteElo "1980"]
[BlackElo "1598"]
[Annotator "NA"]
[PlyCount "55"]
[EventDate "2019.08.02"]
[EventType "swiss"]
[EventCountry "SVK"]
[SourceTitle "playchess.com"]
[Source "ChessBase"]
[SourceQuality "1"]
[TimeControl "40/5400+30:1800+30"]

1. d4 d5 2. c4 e6 3. Nc3 Be7 4. cxd5 exd5 5. Bf4 c6 6. e3 Bf5 7. g4 Be6 8. h4 Nf6 9. f3 Nbd7 10. Bd3 a6 11. Nh3 c5 12. Bc2 Rc8 13. Kf2 b5 14. a3 Nb6 15. Ne2 Nc4 16. b3 Nb6 17. dxc5 Bxc5 18. Ng5 Bd7 19. Ng3 h6 20. Nh3 Kf8 21. Nf5 Bxf5 22. Bxf5 Rc6 23. Rc1 Qe8 24. Rxc5 Kg8 25. Rxc6 Qxc6 26. Qc2 Qb7 27. Qc7 Qxc7 28. Bxc7 1-0

[Event "EYCC Girls-U14 2019"]
[Site "Bratislava"]
[Date "2019.08.07"]
[Round "6.12"]
[White "Alekseenko, Mariya"]
[Black "Kirchei, Viktoriia"]
[Result "0-1"]
[ECO "E06"]
[WhiteElo "1848"]
[BlackElo "2006"]
[Annotator "NA"]
[PlyCount "84"]
[EventDate "2019.08.02"]
[EventType "swiss"]
[EventCountry "SVK"]
[SourceTitle "playchess.com"]
[Source "ChessBase"]
[SourceQuality "1"]
[TimeControl "40/5400+30:1800+30"]

1. c4 Nf6 2. d4 e6 3. g3 d5 4. Bg2 Be7 5. Nf3 O-O 6. O-O dxc4 7. Qa4 a6 8. Qxc4 b5 9. Qc2 Bb7 10. Nbd2 Nbd7 11. b3 Rc8 12. Bb2 c5 13. Qd1 cxd4 14. Nxd4 Bxg2 15. Kxg2 Nc5 16. N2f3 Qb6 17. e3 Nce4 18. Rc1 Qb7 19. Kg1 Rxc1 20. Qxc1 Rc8 21. Qa1 Bc5 22. h3 Nd5 23. Kh2 Nb4 24. Ne2 Bf8 25. Nf4 Rc2 26. Kg1 Nc5 27. Ne1 Rd2 28. Bc3 Nc2 29. Nxc2 Rxc2 30. Bd4 Ne4 31. Qd1 Nd2 32. f3 Qc6 33. Rf2 Rc1 34. Rxd2 Rxd1+ 35. Rxd1 Qxf3 36. Re1 Qxg3+ 37. Kf1 Bd6 38. Rc1 h6 39. Ng2 Qf3+ 40. Kg1 Qxh3 41. Rc2 Bh2+ 42. Kf1 Bg3 0-1

[Event "EYCC Girls-U14 2019"]
[Site "Bratislava"]
[Date "2019.08.07"]
[Round "6.13"]
[White "Zhou, Lulu"]
[Black "Kucharska, Helena"]
[Result "1-0"]
[ECO "C11"]
[WhiteElo "1944"]
[BlackElo "1543"]
[Annotator "NA"]
[PlyCount "69"]
[EventDate "2019.08.02"]
[EventType "swiss"]
[EventCountry "SVK"]
[SourceTitle "playchess.com"]
[Source "ChessBase"]
[SourceQuality "1"]
[TimeControl "40/5400+30:1800+30"]

1. e4 e6 2. d4 d5 3. Nc3 Nf6 4. e5 Nfd7 5. f4 c5 6. Nf3 Nc6 7. Be3 Be7 8. Qd2 a6 9. Be2 b5 10. O-O O-O 11. Nd1 cxd4 12. Nxd4 Nxd4 13. Bxd4 Nc5 14. Bd3 Bb7 15. Ne3 Qc7 16. Qf2 Nd7 17. Rae1 Bc5 18. Qh4 g6 19. Bxc5 Qxc5 20. Kh1 f6 21. exf6 Nxf6 22. Ng4 Nxg4 23. Qxg4 Bc8 24. Bxg6 Kh8 25. Qh4 Ra7 26. Re5 Qd4 27. Rh5 Kg8 28. Rxh7 a5 29. c3 Qc5 30. Rh8+ Kg7 31. Qh6+ Kf6 32. Qg5+ Kg7 33. Rh7+ Kg8 34. Bf5+ Rg7 35. Qxg7# 1-0

[Event "EYCC Girls-U14 2019"]
[Site "Bratislava"]
[Date "2019.08.07"]
[Round "6.14"]
[White "Otetea, Ioana"]
[Black "Reuter, Elisa"]
[Result "1/2-1/2"]
[ECO "B38"]
[WhiteElo "1744"]
[BlackElo "1930"]
[Annotator "NA"]
[PlyCount "61"]
[EventDate "2019.08.02"]
[EventType "swiss"]
[EventCountry "SVK"]
[SourceTitle "playchess.com"]
[Source "ChessBase"]
[SourceQuality "1"]
[TimeControl "40/5400+30:1800+30"]

1. e4 c5 2. Nf3 Nc6 3. d4 cxd4 4. Nxd4 g6 5. c4 Bg7 6. Be3 Nf6 7. Nc3 O-O 8. Be2 d6 9. O-O Bd7 10. Re1 Nxd4 11. Bxd4 Bc6 12. Bd3 a5 13. Qd2 a4 14. Nd5 e6 15. Nb4 Qa5 16. Rad1 Qc7 17. Qc3 e5 18. Be3 Nxe4 19. Bxe4 Bxe4 20. c5 dxc5 21. Bxc5 Rfc8 22. Bd6 Qxc3 23. bxc3 Bf5 24. Nd5 Rd8 25. Be7 Rd7 26. Nf6+ Bxf6 27. Rxd7 Bxd7 28. Bxf6 Ra6 29. Bxe5 f6 30. Bd4 Kf7 31. a3 1/2-1/2

[Event "EYCC Girls-U14 2019"]
[Site "Bratislava"]
[Date "2019.08.07"]
[Round "6.15"]
[White "Zavivaeva, Emilia"]
[Black "Sumarriva Paulin, Laura"]
[Result "0-1"]
[ECO "C14"]
[WhiteElo "1740"]
[BlackElo "1861"]
[Annotator "NA"]
[PlyCount "78"]
[EventDate "2019.08.02"]
[EventType "swiss"]
[EventCountry "SVK"]
[SourceTitle "playchess.com"]
[Source "ChessBase"]
[SourceQuality "1"]
[TimeControl "40/5400+30:1800+30"]

1. e4 e6 2. d4 d5 3. Nc3 Nf6 4. Bg5 Be7 5. e5 Nfd7 6. Bxe7 Qxe7 7. f4 O-O 8. Nf3 c5 9. Qd2 Nc6 10. dxc5 Nxc5 11. O-O-O a6 12. Kb1 b5 13. Qe3 b4 14. Ne2 a5 15. Ned4 Bd7 16. Bd3 Nxd3 17. cxd3 a4 18. g4 a3 19. b3 f6 20. Nxc6 Bxc6 21. Nd4 Bd7 22. Rhe1 fxe5 23. Qxe5 Qf6 24. f5 exf5 25. Qxd5+ Kh8 26. Qxd7 Rad8 27. Qxf5 Qxd4 28. Qe5 Qxg4 29. Rg1 Qd4 30. Rge1 h6 31. Qxd4 Rxd4 32. Re4 Rxe4 33. dxe4 Rf2 34. Rd4 Rb2+ 35. Kc1 Rxa2 36. h4 Rh2 37. Rxb4 Rh1+ 38. Kc2 a2 39. Ra4 a1=Q 0-1

[Event "EYCC Girls-U14 2019"]
[Site "Bratislava"]
[Date "2019.08.07"]
[Round "6.16"]
[White "Dakic, Marta"]
[Black "Sovina, Maria"]
[Result "0-1"]
[ECO "B24"]
[WhiteElo "1680"]
[BlackElo "1757"]
[Annotator "NA"]
[PlyCount "110"]
[EventDate "2019.08.02"]
[EventType "swiss"]
[EventCountry "SVK"]
[SourceTitle "playchess.com"]
[Source "ChessBase"]
[SourceQuality "1"]
[TimeControl "40/5400+30:1800+30"]

1. e4 c5 2. Nc3 Nc6 3. Bb5 Nd4 4. Bc4 e6 5. Nge2 Nf6 6. O-O a6 7. a4 d5 8. exd5 exd5 9. Ba2 Bd6 10. d3 O-O 11. Nxd4 cxd4 12. Ne2 Bg4 13. f3 Bd7 14. Kh1 Bxa4 15. Nxd4 Be5 16. Ne2 Qc7 17. Bb1 Bd7 18. f4 Bd6 19. Nd4 Rfe8 20. h3 Qb6 21. c3 Re7 22. Bc2 Bc5 23. Nf3 Nh5 24. Kh2 Be3 25. Ne5 Nxf4 26. Nxd7 Rxd7 27. Rxf4 Bxf4+ 28. Bxf4 Qxb2 29. Be5 Qb6 30. Qg4 f5 31. Qxf5 Rf7 32. Qg4 Re8 33. Bd4 Qd6+ 34. Qg3 Qxg3+ 35. Kxg3 Re2 36. Bb3 Rf5 37. Kh2 Rb2 38. Ba2 Rg5 39. Kh1 Re2 40. Bb3 Rb2 41. Ba2 Re2 42. Bb3 Kf8 43. Rf1+ Ke8 44. Rf2 Rxf2 45. Bxf2 Kd7 46. h4 Rf5 47. Bd4 Kc6 48. Bxg7 Rf4 49. g3 Rf1+ 50. Kg2 Rb1 51. Ba4+ b5 52. Bxb5+ Kxb5 53. Kf3 a5 54. Ke2 a4 55. Kd2 a3 0-1

[Event "EYCC Girls-U14 2019"]
[Site "Bratislava"]
[Date "2019.08.07"]
[Round "6.17"]
[White "Sevcikova, Lucia"]
[Black "Zabrzanska, Weronika"]
[Result "1/2-1/2"]
[ECO "D35"]
[WhiteElo "1800"]
[BlackElo "1770"]
[Annotator "NA"]
[PlyCount "96"]
[EventDate "2019.08.02"]
[EventType "swiss"]
[EventCountry "SVK"]
[SourceTitle "playchess.com"]
[Source "ChessBase"]
[SourceQuality "1"]
[TimeControl "40/5400+30:1800+30"]

1. d4 d5 2. c4 e6 3. Nc3 Nf6 4. cxd5 exd5 5. Bg5 Be7 6. e3 O-O 7. Bd3 h6 8. Bh4 b6 9. Qc2 Bb7 10. Nge2 c5 11. Rd1 c4 12. Bf5 g6 13. Bxg6 fxg6 14. Qxg6+ Kh8 15. Qxh6+ Nh7 16. Bxe7 Qxe7 17. Nf4 Qf6 18. Qxf6+ Rxf6 19. Ncxd5 Rf7 20. Ke2 Nc6 21. f3 Nf6 22. Nxf6 Rxf6 23. a3 Rd8 24. g3 b5 25. h4 a5 26. h5 b4 27. Ng6+ Kh7 28. Nh4 bxa3 29. bxa3 Na7 30. Rc1 Ba6 31. Kf2 Rb8 32. g4 Rb2+ 33. Kg3 Rc6 34. g5 Bc8 35. Ng6 Rb5 36. Ne5 Rxe5 37. dxe5 c3 38. h6 Nb5 39. a4 Nc7 40. Rxc3 Rxc3 41. g6+ Kh8 42. Rd1 Ne6 43. f4 Rxe3+ 44. Kf2 Re4 45. Rc1 Rxf4+ 46. Kg3 Bd7 47. Rb1 Rb4 48. Rf1 Be8 1/2-1/2

[Event "EYCC Girls-U14 2019"]
[Site "Bratislava"]
[Date "2019.08.07"]
[Round "6.18"]
[White "Batagan, Ilinca-Petra"]
[Black "Kralj, Nika"]
[Result "1/2-1/2"]
[ECO "A10"]
[WhiteElo "1767"]
[BlackElo "1807"]
[Annotator "NA"]
[PlyCount "139"]
[EventDate "2019.08.02"]
[EventType "swiss"]
[EventCountry "SVK"]
[SourceTitle "playchess.com"]
[Source "ChessBase"]
[SourceQuality "1"]
[TimeControl "40/5400+30:1800+30"]

1. c4 d6 2. g3 g6 3. Bg2 e5 4. Nc3 Bg7 5. Nf3 f5 6. d4 e4 7. Ng5 Nc6 8. d5 Ne5 9. f3 h6 10. Ne6 Bxe6 11. dxe6 exf3 12. exf3 Ne7 13. Qe2 N5c6 14. Be3 Nd4 15. Bxd4 Bxd4 16. Qd3 Nc6 17. O-O-O Bg7 18. Kb1 Qf6 19. f4 O-O 20. Rhe1 Rfe8 21. Qd2 Ne7 22. Nd5 Nxd5 23. cxd5 Kh7 24. h3 c6 25. g4 c5 26. gxf5 gxf5 27. Bf3 Qh4 28. Qd3 Qf6 29. Re2 Re7 30. Bg4 Rf8 31. Rg1 Kh8 32. Bh5 b5 33. Reg2 Qd4 34. Qg3 Qxd5 35. Bf7 Rfxf7 36. exf7 Qxf7 37. Qd3 Qe6 38. Rg6 Qe4 39. Rxd6 Qxf4 40. Rd7 Qf2 41. Rd8+ Kh7 42. Rxg7+ Rxg7 43. Rd7 Qe1+ 44. Kc2 Qe4 45. Qxe4 fxe4 46. Rd5 Rg2+ 47. Kc1 Rg5 48. Rd7+ Kg6 49. Rxa7 Rd5 50. a4 bxa4 51. Rxa4 Kf5 52. Ra8 Kf4 53. Rh8 h5 54. Rf8+ Rf5 55. Re8 Re5 56. Rf8+ Rf5 57. Re8 Ke3 58. Kd1 Rd5+ 59. Ke1 c4 60. Rc8 Kd3 61. Re8 Rb5 62. Rh8 Ke3 63. Kd1 Rxb2 64. Rxh5 Rh2 65. Rh8 Rd2+ 66. Kc1 Rh2 67. Kd1 Rd2+ 68. Kc1 c3 69. h4 Rh2 70. Rd8 1/2-1/2

[Event "EYCC Girls-U14 2019"]
[Site "Bratislava"]
[Date "2019.08.07"]
[Round "6.19"]
[White "Katter, Katharina"]
[Black "Karavitaki, Evaggelia"]
[Result "1/2-1/2"]
[ECO "B40"]
[WhiteElo "1824"]
[BlackElo "1681"]
[Annotator "NA"]
[PlyCount "45"]
[EventDate "2019.08.02"]
[EventType "swiss"]
[EventCountry "SVK"]
[SourceTitle "playchess.com"]
[Source "ChessBase"]
[SourceQuality "1"]
[TimeControl "40/5400+30:1800+30"]

1. e4 c5 2. Nf3 e6 3. g3 Nc6 4. Bg2 d6 5. O-O Nf6 6. Qe2 Be7 7. Rd1 O-O 8. c3 a6 9. d4 cxd4 10. cxd4 b5 11. d5 exd5 12. exd5 Nb8 13. a4 bxa4 14. Nc3 Re8 15. h3 Bb7 16. Be3 Nbd7 17. Nh4 Nb6 18. Qd3 Rc8 19. Qd4 Nc4 20. Nxa4 Nd7 21. Nf5 Bf6 22. Qd3 Nxe3 23. Nxe3 1/2-1/2